 Dungeon Crawl Stone Soup version 0.14.1 (webtiles) character file.

2508 Kae the Conjurer (level 9, -3/45 HPs)
             Began as a Tengu Fire Elementalist on Apr 28, 2014.
             Was a Believer of Vehumet.
             Slain by a big kobold
             ... wielding a +2,+3 dagger of electrocution
              (24 damage)
             ... on Level 7 of the Dungeon.
             The game lasted 00:14:42 (9069 turns).

Kae the Conjurer (Tengu Fire Elementalist)          Turns: 9069, Time: 00:14:42

HP  -3/45        AC  3     Str  9      XL: 9   Next: 33%
MP  19/23        EV 12     Int 19      God: Vehumet [**....]
Gold 318         SH  0     Dex 12 (14) Spells:  5 memorised,  3 levels left

rFire  . . .     SeeInvis .     q - staff of wizardry
rCold  . . .     Clarity  .     a - +0 robe
rNeg   . . .     Conserve .     (no shield)
rPois  .         rCorr    .     (helmet restricted)
rElec  .         rRot     .     (no cloak)
SustAb . .       Spirit   .     j - +0 pair of gloves
rMut   .         Warding  .     (boots unavailable)
Saprov . . .     Stasis   .     (no amulet)
MR     .....                    r - ring of sustenance
                                p - ring of sustenance

@: not resistant to hostile enchantments, fairly stealthy
A: able to fly, beak, talons 3
a: Fly, Renounce Religion


You were on level 7 of the Dungeon.
You worshipped Vehumet.
Vehumet was pleased with you.
You were hungry.

You visited 2 branches of the dungeon, and saw 8 of its levels.

You collected 318 gold pieces.

Inventory:

Hand weapons
 n - a +1,+1 spear
Armour
 a - a +0 robe (worn)
 j - a +0 pair of gloves (worn)
Magical devices
 y - a wand of magic darts (6)
 z - a wand of fire (2)
 C - a wand of polymorph (10) {unknown}
Comestibles
 c - 9 bread rations
 f - a choko
 w - 2 meat rations
 D - an apple
Scrolls
 e - a scroll of amnesia
 i - 2 scrolls of noise
 m - 3 scrolls of remove curse
 s - 2 scrolls of teleportation
 B - 2 scrolls of identify
Jewellery
 h - a +1 ring of intelligence {unknown}
 p - a ring of sustenance (left hand)
 r - a ring of sustenance (right hand)
 E - an uncursed ring of invisibility {unknown}
Potions
 d - a potion of porridge
 k - a potion of invisibility
 o - a potion of agility
 u - a potion of flight {unknown}
 v - a potion of might
 x - a potion of cure mutation {unknown}
Books
 b - a book of Flames

   Spells                             Type                      Level
   *Flame Tongue                      Conjuration/Fire             1
   *Throw Flame                       Conjuration/Fire             2
   *Conjure Flame                     Conjuration/Fire             3
   Inner Flame                        Hexes/Fire                   3
   *Sticky Flame                      Conjuration/Fire             4
   *Fireball                          Conjuration/Fire             5
Magical staves
 q - an uncursed staff of wizardry (weapon)


   Skills:
 - Level 2.1 Dodging
 - Level 2.0 Stealth
 + Level 5.3 Spellcasting
 * Level 9.8 Conjurations
 * Level 9.1 Fire Magic


You had 3 spell levels left.
You knew the following spells:

 Your Spells              Type           Power        Failure   Level  Hunger
a - Flame Tongue          Conj/Fire      #####        1%          1    None
b - Throw Flame           Conj/Fire      #####.       1%          2    None
c - Conjure Flame         Conj/Fire      #####...     1%          3    ##.....
d - Sticky Flame          Conj/Fire      #####...     1%          4    ####...
e - Fireball              Conj/Fire      #####.....   4%          5    #####..


Dungeon Overview and Level Annotations

Branches:
Dungeon (7/15)             Temple (1/1) D:4

Altars:
Ashenzari
Cheibriados
Dithmenos
Elyvilon
Fedhas
Kikubaaqudgha
Makhleb
Okawaru
Sif Muna
Trog
Vehumet
Xom
Yredelemnul
Zin
The Shining One

Annotations:
D:4 exclusion: centaur


Innate Abilities, Weirdness & Mutations

You can fly.
You have a beak for a mouth.
You have claws for feet.


Message History

The big kobold is heavily wounded.
The big kobold hits you with a glowing dagger.
Casting: Flame Tongue
Confirm with . or Enter, or press ? or * to list all spells.
Aiming: Flame Tongue
Press: ? - help, Shift-Dir - straight line, f/p - big kobold
Aim: a big kobold, wielding a glowing dagger (heavily wounded)
The flame tongue hits the big kobold.
The big kobold is almost dead.
The big kobold barely misses you.
Casting: Flame Tongue
Confirm with . or Enter, or press ? or * to list all spells.
Aiming: Flame Tongue
Press: ? - help, Shift-Dir - straight line, f/p - big kobold
Aim: a big kobold, wielding a glowing dagger (almost dead)
The flame tongue misses the big kobold.
The big kobold hits you with a glowing dagger.
You are electrocuted!
Ouch! That really hurt!
You die...

#........# ###
###+######## #♣♣.#
#...(.....# ###+#≈≈.##
#.........# #....≈≈♣.#
#.........#
#....♣.≈.####.........#
#....♣...'..#.........#
+........##.#....)....#
#........##@#...).....#
#........##.K...).....#
#........####.........#
##'####### #.........
#.### ##'###### #)..#
#.. ###.# #### #.#
###.######


You could see a big kobold.

Vanquished Creatures
  An orc warrior (D:6)
  An ice beast (D:6)
  A phantom (D:6)
  3 ogres
  A centaur (D:4)
  7 big kobolds (D:7)
  2 scorpions
  5 wights (D:6)
  2 crimson imps
  A quasit (D:6)
  A hound (D:5)
  4 orc priests
  6 orc wizards
  3 worker ants
  An iguana (D:4)
  Jessica (D:2)
  An ogre skeleton (D:5)
  8 adders
  4 gnolls (D:2)
  An orc skeleton (D:4)
  A worm (D:3)
  An adder skeleton (D:5)
  An adder zombie (D:6)
  A giant gecko (D:4)
  29 orcs
  3 giant cockroaches
  17 hobgoblins
  4 jackals (D:4)
  10 kobolds
  4 quokkas
  15 bats
  7 giant newts
  16 goblins
  A kobold skeleton (D:6)
  9 rats
173 creatures vanquished.

Vanquished Creatures (others)
  A kobold (D:3)
1 creature vanquished.

Grand Total: 174 creatures vanquished

Notes
Turn   | Place    | Note
--------------------------------------------------------------
     0 | D:1      | Kae, the Tengu Fire Elementalist, began the quest for the Orb.
     0 | D:1      | Reached XP level 1. HP: 10/10 MP: 3/3
   224 | D:1      | Reached XP level 2. HP: 10/15 MP: 1/5
   830 | D:2      | Noticed Jessica
   837 | D:2      | Killed Jessica
   837 | D:2      | Reached skill level 4 in Fire Magic
   837 | D:2      | Reached XP level 3. HP: 19/19 MP: 4/7
  1268 | D:2      | Reached XP level 4. HP: 24/24 MP: 6/9
  1290 | D:2      | Learned a level 2 spell: Throw Flame
  1294 | D:2      | Learned a level 3 spell: Conjure Flame
  1382 | D:2      | Found a shimmering altar of Xom.
  2144 | D:3      | Reached XP level 5. HP: 28/28 MP: 1/11
  2503 | D:3      | Reached skill level 5 in Fire Magic
  3239 | D:3      | Reached XP level 6. HP: 26/32 MP: 9/15
  3286 | D:3      | Found a shattered altar of Ashenzari.
  3341 | D:3      | Found a blossoming altar of Fedhas.
  3683 | D:3      | Found a glowing golden altar of the Shining One.
  3684 | D:3      | Noticed an angel
  3706 | D:3      | Found a basalt altar of Yredelemnul.
  3707 | D:3      | Noticed a profane servitor
  4272 | D:4      | Found a staircase to the Ecumenical Temple.
  4285 | Temple   | Entered the Ecumenical Temple
  4606 | D:4      | Reached skill level 5 in Conjurations
  4692 | D:4      | Found a blossoming altar of Fedhas.
  4760 | D:4      | Found a radiant altar of Vehumet.
  4774 | D:4      | Became a worshipper of Vehumet
  4914 | D:4      | Reached skill level 6 in Fire Magic
  4981 | D:4      | Reached XP level 7. HP: 36/36 MP: 5/17
  5438 | D:4      | Found an ancient bone altar of Kikubaaqudgha.
  5438 | D:4      | Found a bloodstained altar of Trog.
  5764 | D:5      | Entered Level 5 of the Dungeon
  5906 | D:5      | Found an iron altar of Okawaru.
  6166 | D:5      | Reached skill level 7 in Fire Magic
  6404 | D:5      | Reached XP level 8. HP: 38/41 MP: 15/20
  6408 | D:5      | Acquired Vehumet's first power
  6408 | D:5      | Offered knowledge of Sandblast by Vehumet.
  6707 | D:6      | Found a snail-covered altar of Cheibriados.
  7576 | D:6      | Reached skill level 8 in Conjurations
  8611 | D:6      | Reached skill level 9 in Conjurations
  8656 | D:6      | Reached XP level 9. HP: 45/45 MP: 12/22
  8795 | D:7      | Reached skill level 5 in Spellcasting
  8801 | D:7      | Learned a level 4 spell: Sticky Flame
  8807 | D:7      | Learned a level 5 spell: Fireball
  8866 | D:7      | Offered knowledge of Sting by Vehumet.
  8881 | D:7      | HP: 1/45 [big kobold/ dart of frost (10)]
  9069 | D:7      | Slain by a big kobold

Action                   |  1- 3 |  4- 6 |  7- 9 || total
-------------------------+-------+-------+-------++-------
Melee: Unarmed           |    30 |       |       ||    30
       Spear             |       |    17 |       ||    17
       Staff             |       |    53 |    91 ||   144
 Cast: Flame Tongue      |    44 |    93 |   170 ||   307
       Conjure Flame     |       |     4 |     7 ||    11
       Throw Flame       |       |    23 |    40 ||    63
 Abil: Fly               |       |       |     1 ||     1
Evoke: Wand              |       |       |     4 ||     4
  Use: Potion            |     1 |       |     1 ||     2
       Scroll            |       |       |    13 ||    13
 Stab: Sleeping          |     1 |     1 |     1 ||     3
